 Dungeon Crawl Stone Soup version 0.17-a0-491-gbd49765 (webtiles) character file.

1698 Fluffy the Warrior (level 8, -2/61 HPs)
             Began as a Demonspawn Gladiator on Apr 9, 2015.
             Was a Believer of Okawaru.
             Killed from afar by Dowan (16 damage)
             ... with a shard of ice
             ... on level 7 of the Dungeon.
             The game lasted 00:25:05 (5526 turns).

Fluffy the Warrior (Demonspawn Gladiator)           Turns: 5526, Time: 00:25:06

Health: -2/61      AC: 20    Str: 17    XL:     8   Next: 72%
Magic:  11/13      EV: 15    Int:  9    God:    Okawaru [**....]
Gold:   522        SH:  0    Dex: 20    Spells: 0 memorised, 7 levels left

rFire  . . .     SeeInvis .     a - +1 long sword
rCold  . . .     Clarity  +     s - +0 plate armour
rNeg   . . .     SustAb   .     (no shield)
rPois  .         Gourm    .     c - +1 helmet
rElec  .         Spirit   .     (no cloak)
rCorr  .         Warding  .     k - +0 pair of gloves
rMut   .         Stasis   .     r - +0 pair of boots
MR     .....                    B - amulet of clarity
Stlth  ..........               (no ring)
                                (no ring)

@: agile, heroism, not resistant to hostile enchantments, extremely unstealthy
A: icy blue scales 1, powered by death 1, powered by pain 1
a: Heroism, Renounce Religion


You were on level 7 of the Dungeon.
You worshipped Okawaru.
Okawaru was pleased with you.
You were hungry.

You visited 1 branch of the dungeon, and saw 7 of its levels.

You collected 522 gold pieces.

Inventory:

Hand weapons
 a - a +1 long sword (weapon)
Missiles
 d - 3 throwing nets (quivered)
Armour
 c - a +1 helmet (worn)
 k - a +0 pair of gloves (worn)
 r - a +0 pair of boots (worn)
 s - a +0 plate armour (worn)
Jewellery
 j - an uncursed ring of ice
 n - an uncursed amulet of guardian spirit
 B - an amulet of clarity (around neck)
Magical devices
 A - a wand of magic darts (1)
 F - a wand of digging (9)
Scrolls
 b - 2 scrolls of enchant weapon
 g - 5 scrolls of teleportation
 x - a scroll of fog
 y - 2 scrolls of magic mapping
 z - a scroll of remove curse
Potions
 e - 4 potions of might
 h - 2 potions of heal wounds
 l - 2 potions of curing
 m - a potion of agility
 o - 2 potions of restore abilities
 t - a potion of mutation {unknown}
 w - a potion of berserk rage {unknown}
 C - a potion of resistance {unknown}
 D - a potion of haste
 E - 2 potions of degeneration {unknown}
 G - a potion of lignification {unknown}
Comestibles
 f - 5 bread rations
 i - a royal jelly
 p - 5 fruits
 q - a beef jerky
 u - a meat ration
 v - 5 chunks of flesh


   Skills:
 + Level 4.4(9.4) Fighting
 + Level 6.9(11.9) Long Blades
 - Level 1.7(6.7) Throwing
 + Level 4.3(9.3) Armour
 - Level 2.6(7.6) Dodging
 + Level 7.5 Invocations


You had 7 spell levels left.
You didn't know any spells.

Dungeon Overview and Level Annotations

Branches:
Dungeon (7/15)             Temple (0/1) D:5

Altars:
Ashenzari
Fedhas
Gozag
Makhleb
Okawaru
Sif Muna
Vehumet
Xom
Yredelemnul
Zin

Shops:
D:4 ?   D:5 ?

Annotations:
D:7 Dowan


Innate Abilities, Weirdness & Mutations

You are partially covered in icy blue scales (AC +1).
You can steal the life force of nearby defeated enemies.
You sometimes gain a little power by taking damage.


Message History

Evoking this partially-identified wand wasted a few charges.
Dowan hits you but does no damage.
You closely miss Dowan.
Dowan is moderately wounded.
Dowan hits you but does no damage.
You hit Dowan but do no damage.
Dowan is moderately wounded.
Dowan casts a spell at you. The shard of ice hits you!
* * * LOW HITPOINT WARNING * * *
You focus on the pain.
You feel agile all of a sudden.
Dowan mumbles some strange words.
Dowan blinks!
Use which ability? (? or * to list)
You gain the combat prowess of a mighty hero.
You are feeling hungry.
Dowan points at you and mumbles some strange words.
The shard of ice hits you!
You die...

##.#.######.#.##...#
#...#######
............#.
#...###...........
#############.
##...##..########
.......... #..(##..#
#####..... ##...#..#
. #...#..# ##..#..#
..#########÷.#...
.......e@.)..##.#
........§....#
...........>#
...........##
...........#
..........#
.........# ######$##
#.#


You could see Dowan.

Vanquished Creatures
  Duvessa (D:7)
  A sky beast (D:6)
  An ice beast (D:6)
  A centaur (D:7)
  A big kobold (D:3)
  4 giant frogs
  A scorpion (D:5)
  3 crimson imps
  A goliath beetle (D:7)
  3 iguanas
  2 hounds
  A centaur skeleton (D:6)
  2 orc priests (D:7)
  2 iron imps (D:4)
  Natasha (thrice) (D:4)
  5 orc wizards
  4 worker ants
  2 hound zombies
  2 hound skeletons
  10 adders
  2 gnolls
  A shadow imp (D:5)
  3 worms
  An ooze (D:4)
  24 orcs
  12 bats
  A giant cockroach (D:1)
  7 goblins
  10 hobgoblins
  8 quokkas
  A giant gecko skeleton (D:4)
  3 giant newts
  6 jackals
  12 kobolds
  16 rats
157 creatures vanquished.

Notes
Turn   | Place    | Note
--------------------------------------------------------------
     0 | D:1      | Fluffy, the Demonspawn Gladiator, began the quest for the Orb.
     0 | D:1      | Reached XP level 1. HP: 16/16 MP: 1/1
   152 | D:1      | Reached skill level 3 in Long Blades
   164 | D:1      | Gained mutation: You are partially covered in icy blue scales (AC +1). [demonic ancestry]
   164 | D:1      | Reached XP level 2. HP: 22/22 MP: 2/2
   614 | D:2      | Reached XP level 3. HP: 8/27 MP: 3/3
   619 | D:2      | Reached skill level 4 in Long Blades
  1288 | D:2      | Found an iron altar of Okawaru.
  1303 | D:2      | Became a worshipper of Warmaster Okawaru
  1348 | D:2      | Gained mutation: You can steal the life force of nearby defeated enemies. [demonic ancestry]
  1348 | D:2      | Reached XP level 4. HP: 31/33 MP: 4/4
  1576 | D:3      | Reached skill level 1 in Invocations
  1740 | D:3      | Found a shimmering altar of Xom.
  1826 | D:3      | Found a blossoming altar of Fedhas.
  1840 | D:3      | Reached XP level 5. HP: 34/38 MP: 6/6
  1860 | D:3      | Reached skill level 5 in Long Blades
  2191 | D:3      | Found a shimmering altar of Xom.
  2192 | D:3      | Found a shimmering altar of Xom.
  2192 | D:3      | Found a shimmering altar of Xom.
  2192 | D:3      | Found a shimmering altar of Xom.
  2193 | D:3      | Found a shimmering altar of Xom.
  2280 | D:3      | Reached skill level 1 in Armour
  2308 | D:4      | Noticed Natasha
  2319 | D:4      | Killed Natasha
  2319 | D:4      | Acquired Okawaru's first power
  2319 | D:4      | Reached XP level 6. HP: 23/44 MP: 8/8
  2484 | D:4      | Found a radiant altar of Vehumet.
  2765 | D:4      | Noticed Natasha
  2795 | D:4      | Killed Natasha
  2953 | D:4      | Noticed Natasha
  2961 | D:4      | Killed Natasha
  2978 | D:4      | Found Mepaij's Magic Scroll Shoppe.
  3072 | D:5      | Entered Level 5 of the Dungeon
  3137 | D:5      | Found a staircase to the Ecumenical Temple.
  3196 | D:5      | Found Xokisch's Magic Scroll Shoppe.
  3272 | D:5      | Found a deep blue altar of Sif Muna.
  3442 | D:5      | Reached skill level 5 in Invocations
  3442 | D:5      | Gained mutation: You sometimes gain a little power by taking damage. [demonic ancestry]
  3442 | D:5      | Reached XP level 7. HP: 48/50 MP: 10/10
  4006 | D:6      | Found a shattered altar of Ashenzari.
  4006 | D:6      | Found a basalt altar of Yredelemnul.
  4007 | D:6      | Found a burning altar of Makhleb.
  4206 | D:6      | Reached skill level 6 in Long Blades
  4495 | D:6      | Reached XP level 8. HP: 41/58 MP: 12/12
  4585 | D:6      | Found a glowing silver altar of Zin.
  5071 | D:7      | Reached skill level 7 in Invocations
  5386 | D:7      | Found an opulent altar of Gozag.
  5488 | D:7      | Noticed Dowan
  5492 | D:7      | Noticed Duvessa
  5506 | D:7      | Killed Duvessa
  5526 | D:7      | Killed from afar by Dowan

Action                   |  1- 3 |  4- 6 |  7- 9 || total
-------------------------+-------+-------+-------++-------
Melee: Long sword        |   105 |   192 |   346 ||   643
       Short sword       |       |   143 |    46 ||   189
Invok: Heroism           |       |       |     2 ||     2
Evoke: Wand              |       |       |     4 ||     4
  Use: Scroll            |     9 |    10 |     2 ||    21
  Eat: Chunk             |     1 |     8 |     7 ||    16
